 Dungeon Crawl Stone Soup version 0.25.1-2-g60ff931df9 (webtiles) character file.

Game seed: 15940363705260381475

1 DildoBatman the Magician (level 1, 0/13 HPs)
             Began as a Formicid Wizard on Aug 6, 2020.
             Slain by a bat (1 damage)
             ... on level 1 of the Dungeon.
             The game lasted 00:01:47 (265 turns).

DildoBatman the Magician (Formicid Wizard)           Turns: 265, Time: 00:01:48

Health: 0/13       AC:  2    Str: 11    XL:     1   Next: 22%
Magic:  3/4        EV: 12    Int: 17    God:
Gold:   10         SH:  0    Dex:  9    Spells: 5/6 levels left

rFire    . . .     SeeInvis +   (no weapon)
rCold    . . .     Gourm    .   (no shield)
rNeg     . . .     Faith    .   a - +0 robe
rPois    .         Spirit   .   (helmet unavailable)
rElec    .         Reflect  .   (no cloak)
rCorr    .         Harm     .   (no gloves)
MR       .....                  (no boots)
Stlth    ++........             (no amulet)
HPRegen  0.04/turn              (no ring)
MPRegen  0.09/turn              (no ring)

@: no status effects
A: permanent stasis, dig shafts and tunnels, four strong arms, antennae 3
a: Dig, Shaft Self


You were on level 1 of the Dungeon.
You were not hungry.

You visited 1 branch of the dungeon, and saw 2 of its levels.

You collected 10 gold pieces.

Inventory:

Armour
 a - a +0 robe (worn)
Scrolls
 c - a scroll of teleportation {unknown}
Potions
 b - a potion of haste {unknown}
Comestibles
 v - a ration


   Skills:
 - Level 1.7 Dodging
 - Level 2.4 Stealth
 - Level 3.2 Spellcasting
 * Level 1.1 Conjurations
   Level 1.0 Summonings
   Level 0.8 Translocations


You had 5 spell levels left.
You knew the following spells:

 Your Spells              Type           Power        Failure   Level  Hunger
c - Magic Dart            Conj           #...         11%         1    None

Your spell library contained the following spells:

 Spells                   Type           Power        Failure   Level  Hunger
 Call Imp                 Summ           #.......     17%         2    ##.....
 Slow                     Hex            #.......     26%         2    ##.....
 Conjure Flame            Conj/Fire      #.......     38%         3    ###....
 Mephitic Cloud           Conj/Pois/Air  #.......     41%         3    ###....
 Blink                    Tloc           Unusable     N/A         2    N/A

Dungeon Overview and Level Annotations

Branches:
Dungeon (2/15)

Altars:

Annotations:
D:2 Robin


Innate Abilities, Weirdness & Mutations

You cannot be hasted, slowed, berserked, paralysed or teleported.
You can dig through walls and to a lower floor.
Your four strong arms can wield two-handed weapons with a shield.
You have a pair of large antennae on your head. (SInv)


Message History

The jackal closely misses you.
You dig through the rock wall.
Found 7 atropa-tipped darts.
You retract your mandibles.
The jackal closely misses you.
A leopard gecko and a bat come into view.
Found a scroll labeled MIEMAL XUY and a scroll labeled QOMIPPI FAVUB.
You see here 7 atropa-tipped darts.
The bat hits you but does no damage. The bat completely misses you.
The jackal closely misses you.
A dart slug comes into view.
The leopard gecko hisses angrily.
The bat barely misses you. The jackal bites you. The bat closely misses you.
The leopard gecko closely misses you. The bat closely misses you. x2
The bat hits you.
You die...

##.###.##....######.......####
##g##.##.........#..........
##.#.##......?..#......$..
##g..#.........#......$r
##{{#.....w?..#.......####
##..K.h......+......[.S..
##(##.l.....######.#####
###.##.b.....# ####.#
....#.b@##### #...r# .b..#...#
#....# .....#.#.# #....+
........#.# #....####
......#..#.# #...%'..r
.......#..#.# #....#### .
##>#.# #....# # ##.#.# #....#
# ##..?.# #....####


You could see a dart slug, a leopard gecko, a jackal, 2 bats and a kobold.

Vanquished Creatures
  2 bats (D:1)
2 creatures vanquished.

Notes
Turn   | Place    | Note
-------+----------+-------------------------------------------
     0 | D:1      | DildoBatman the Formicid Wizard began the quest for the
                  | Orb.
     0 | D:1      | Reached XP level 1. HP: 13/13 MP: 4/4
    28 | D:1      | You fall into a shaft and drop 1 floor!
    40 | D:2      | Noticed Robin
    87 | D:1      | Reached skill level 1 in Conjurations
   265 | D:1      | Slain by a bat

Illustrated notes

Levels and vault maps discovered:
D:1:      roderic_chinese_lattice_arrival, layout_basic
D:2:      layout_rooms, hangedman_feature_mirror, uniq_natasha, uniq_robin

Skill      XL: |  1 |
---------------+----+-----
Conjurations   | 1 |  1.1
Dodging        | |  1.7
Stealth        | |  2.4
Spellcasting   | |  3.2
Summonings     | |  1.0
Translocations | |  0.8

Action                   || total
-------------------------++-------
Melee: Unarmed           ||     4
 Cast: Magic Dart        ||     7
 Abil: Dig               ||     9
       Shaft Self        ||     1
Armor: Robe              ||    37
Dodge: Dodged            ||    79
